 Dungeon Crawl Stone Soup version 0.32-a0-859-gb0a091d592 (webtiles) character file.

Game seed: 13365767491107419230

60 timneilson the Sneak (level 4, 0/25 HPs)
             Began as a Kobold Enchanter on Mar 28, 2024.
             Slain by Natasha (5 damage)
             ... on level 2 of the Dungeon.
             The game lasted 00:02:59 (1480 turns).

timneilson the Sneak (Kobold Enchanter)             Turns: 1480, Time: 00:03:00

Health: 0/25       AC:  2    Str:  5    XL:     4   Next: 24%
Magic:  7/7        EV: 14    Int: 16    God:
Gold:   108        SH:  0    Dex: 17    Spells: 7/7 levels left

rFire   . . .        a - +1 dagger
rCold   . . .        (no shield)
rNeg    . . .        b - +0 robe
rPois   .            (no helmet)
rElec   .            (no cloak)
rCorr   .            (no gloves)
SInv    .            (no boots)
Will    +....        (no amulet)
Stlth   ++++         i - ring of willpower
HPRegen 0.24/turn    (no ring)
MPRegen 0.10/turn

%: no passive effects
@: no status effects
A: small, no large weapons, nightstalker 3
a: no special abilities


You were on level 2 of the Dungeon.
You visited 1 branch of the dungeon, and saw 2 of its levels.

You collected 108 gold pieces.

Inventory:

Hand Weapons
 a - a +1 dagger (weapon)
Armour
 b - a +0 robe (worn)
Jewellery
 i - a ring of willpower (left hand)
Scrolls
 f - a scroll of fog {unknown}
 h - 2 scrolls of enchant weapon {unknown}
Potions
 c - 2 potions of invisibility
 d - a potion of cancellation
 e - a potion of might
 g - 2 potions of enlightenment {unknown}
 j - a potion of attraction {unknown}
 k - 2 potions of haste {unknown}
 l - a potion of curing {unknown}


   Skills:
 + Level 1.3 Fighting
 * Level 2.9 Short Blades
 + Level 0.9 Armour
 * Level 3.2 Dodging
 + Level 4.4 Stealth
 - Level 2.1 Spellcasting
 - Level 3.0 Hexes


You had 7 spell levels left.
You didn't know any spells.
Your spell library contained the following spells:

 Spells                   Type           Power      Damage    Failure   Level
 Jinxbite                 Hex            22%        N/A       9%          2
 Ensorcelled Hibernation  Hex/Ice        12%        N/A       17%         2
 Confusing Touch          Hex            11%        N/A       19%         3
 Tukima's Dance           Hex            11%        N/A       19%         3
 Apportation              Tloc           2%         N/A       21%         1
 Dazzling Flash           Conj/Hex       12%        N/A       32%         3
 Alistair's Intoxication  Alch           0%         N/A       99%         5


Dungeon Overview and Level Annotations

Branches:
Dungeon (2/15)

Altars:

Annotations:
D:2 Natasha


Innate Abilities, Weirdness & Mutations

You are small and have problems with some larger weapons.
You are completely attuned to the shadows.


Message History

Natasha is moderately wounded.
Natasha zaps a wand.
You resist with almost no effort.
You barely miss Natasha.
Natasha is moderately wounded.
Natasha completely misses you.
You closely miss Natasha.
Natasha is moderately wounded.
You hit Natasha but do no damage.
Natasha is moderately wounded.
Natasha claws you.
You barely miss Natasha.
Natasha is moderately wounded.
Natasha barely misses you.
You hit Natasha.
Natasha is heavily wounded.
Natasha claws you!
* * * LOW HITPOINT WARNING * * *
You closely miss Natasha.
Natasha is moderately wounded.
Natasha misses you.
You hit Natasha.
Natasha is heavily wounded.
Natasha misses you.
You closely miss Natasha.
Natasha is heavily wounded.
You hit Natasha but do no damage.
Natasha is heavily wounded.
Natasha closely misses you.
You hit Natasha.
Natasha is severely wounded.
Natasha howls an incantation.
You feel disoriented.
Natasha zaps a wand.
You resist with almost no effort.
You hit Natasha but do no damage.
Natasha is severely wounded.
Natasha wildly gestures.
Natasha shimmers violently.
Natasha claws you.
You die...
Natasha curls up and begins to purr.

####...#
.....#.#####
..>.........
#....#..######
#)...........## .#
##.####.......###.#
##.# #....#..†....
##..# ####..#...##
.†..#### ##...#@#
.......## ###...h#
.....#..# ##.#...
.###....####
#..#### .#
###.....# ## b#
##.##.# .#
#....#### w#
####.[..##### .#
##.......#


You could see Natasha.

Vanquished Creatures
  Natasha (D:2)
  A dart slug (D:2)
  A ribbon worm (D:2)
  6 ball pythons
  2 bats (D:1)
  4 endoplasms
  3 goblins
  2 hobgoblins (D:1)
  A kobold (D:1)
  A quokka (D:2)
  4 frilled lizards
  4 rats
30 creatures vanquished.

Notes
Turn   | Place    | Note
-------+----------+-------------------------------------------
     0 | D:1      | timneilson the Kobold Enchanter began the quest for the
                  | Orb.
     0 | D:1      | Reached XP level 1. HP: 10/10 MP: 3/3
   265 | D:1      | Reached XP level 2. HP: 14/16 MP: 5/5
   661 | D:1      | Reached XP level 3. HP: 19/20 MP: 6/6
   757 | D:1      | Found a faded altar of an unknown god.
  1030 | D:2      | Noticed Natasha
  1041 | D:2      | Killed Natasha
  1042 | D:2      | Reached skill level 1 in Fighting
  1094 | D:2      | Reached XP level 4. HP: 25/25 MP: 7/7
  1459 | D:2      | Noticed Natasha
  1480 | D:2      | Slain by Natasha

Illustrated notes

Levels and vault maps discovered:
D:1:      sevenhm_arrival_forest_fort_large_4, layout_loops_ring,
          ebering_ecumenical_altar_hall
D:2:      layout_rooms, dk_vineyard_3, uniq_natasha

Skill      XL: |  1  2  3 |
---------------+----------+-----
Short Blades   | 2 |  2.9
Fighting       | 1 |  1.3
Dodging        | 3 |  3.2
Armour         | |  0.9
Stealth        | |  4.4
Spellcasting   | |  2.1
Hexes          | |  3.0

Action                     |  1- 3 |  4- 6 || total
---------------------------+-------+-------++-------
  Melee: Dagger            |    58 |    66 ||   124
    Use: Scroll            |     3 |       ||     3
   Stab: Sleeping          |    10 |     3 ||    13
 Armour: Robe              |    16 |    25 ||    41
  Dodge: Dodged            |    38 |    32 ||    70

Table legend: (Time is in decaauts)
 A = Elapsed time spent in this place.
 B = Non-inter-level travel time spent in this place.
 C = Inter-level travel time spent in this place.
 D = Time resting spent in this place.
 E = Time spent auto-exploring this place.
 F = Levels seen in this place.
 G = Mean time per level.
                   A        B        C        D        E       F      G
               +--------+--------+--------+--------+--------+-----+--------+
         Total |   1465 |   1413 |     52 |     50 |    987 |   2 |  732.5 |
       Dungeon |   1465 |   1413 |     52 |     50 |    987 |   2 |  732.5 |
               +--------+--------+--------+--------+--------+-----+--------+

Top non-repeatable levels by time:
     D:1: 1011 daAuts
     D:2: 454 daAuts
